 Dungeon Crawl Stone Soup version 0.30.1-11-g7821555f0a (webtiles) character file.

Game seed: 16871454113447707192

46 jagang the Trooper (level 3, -2/29 HPs)
             Began as a Human Monk on Jan 2, 2024.
             Splashed by a jelly's acid (7 damage)
             ... on level 1 of the Dungeon.
             The game lasted 00:01:17 (818 turns).

jagang the Trooper (Human Monk)                      Turns: 818, Time: 00:01:19

Health: -2/29      AC:  2    Str: 11    XL:     3   Next: 95%
Magic:  4/4        EV:  9    Int: 10    God:
Gold:   41         SH:  0    Dex: 17    Spells: 2/2 levels left

rFire   . . .        a - +0 falchion
rCold   . . .        d - orb {light}
rNeg    . . .        f - +0 scale mail
rPois   .            (no helmet)
rElec   .            (no cloak)
rCorr   .            (no gloves)
SInv    .            (no boots)
Will    .....        (no amulet) Stlth
                     (no ring)
HPRegen 0.24/turn    (no ring)
MPRegen 0.09/turn

%: no passive effects
@: corroded, glowing
A: no striking features
a: no special abilities


You were on level 1 of the Dungeon.
You visited 1 branch of the dungeon, and saw 1 of its levels.

You collected 41 gold pieces.

Inventory:

Hand Weapons
 a - a +0 falchion (weapon)
Armour
 b - a +0 robe
 d - an orb of light (worn)
 f - a +0 scale mail (worn)
Scrolls
 e - a scroll of immolation {unknown}
 h - a scroll of fog {unknown}
Potions
 c - 2 potions of ambrosia
 g - a potion of might {unknown}


   Skills:
 + Level 3.4 Fighting
 + Level 3.4 Long Blades
 + Level 1.3 Armour
 - Level 3.0 Dodging
 + Level 1.5 Invocations


You had 2 spell levels left.
You didn't know any spells.
Your spell library contained the following spells:

 Spells                   Type           Power      Damage    Failure   Level
 Slow                     Hex            0%         N/A       92%         1
 Confusing Touch          Hex            0%         N/A       100%        3
 Vampiric Draining        Necr           0%         2d6       100%        3


Dungeon Overview and Level Annotations

Branches:
Dungeon (1/15)

Altars:


Message History

The jackal bites you but does no damage.
The giant cockroach waves its antennae.
The jackal barely misses you.
You completely miss the jackal. The jackal barely misses you.
You hit the jackal but do no damage. The jackal bites you.
The jackal closely misses you.
You hit the jackal.
The jackal is lightly wounded.
The jackal bites you.
You hit the jackal.
You kill the jackal!
You hit the rat.
You kill the rat!
The jackal stops to sniff the ground.
You hit the jackal but do no damage. The jackal closely misses you.
You hit the jackal but do no damage.
The jackal bites you but does no damage. x2
You hit the jackal but do no damage. The jackal barely misses you.
The jackal bites you but does no damage.
You hit the jackal.
You kill the jackal!
You slash the rat!
You kill the rat!
The giant cockroach bites you but does no damage.
You hit the giant cockroach.
You kill the giant cockroach!
The jelly hits you but does no damage.
You slash the jelly! The acid corrodes you!
Your hands burn!
The jelly is heavily wounded.
The jelly hits you but does no damage.
You hit the jelly.
Your hands burn!
The jelly is heavily wounded.
The jelly hits you.
You are splashed with acid!
You hit the jelly.
Your hands burn!
* * * LOW HITPOINT WARNING * * *
The jelly is severely wounded.
The jelly hits you.
* * * LOW HITPOINT WARNING * * *
You are splashed with acid!
You die... ####.###............# ###.# #......##.........###### #...# #.####.........†.......# #.### #.# #.###############.# #.# #.# #.#......w......#.# #.# #.# #.#..r..JrhB....#.# #.# #.# #.# ..rhhJrB...

#.# #.# #.# #.#######J#######.#
#.# #.# #.#.....@.......#.# #.#
#.####.+⌠....###....⌠'.###.#
####......#......<......#.....#
..........#..⌠...>...⌠..#.##..#
########..###+#######'###.##..###
#####)...........................
......##...####.#####.######.####
############ #..# #.# #..... #†##
#.# ######


You could see a worm, a jelly, 2 endoplasms, 3 jackals, 2 giant cockroaches and
2 rats.

Vanquished Creatures
  2 worms (D:1)
  A dart slug (D:1)
  4 endoplasms (D:1)
  5 giant cockroaches (D:1)
  A goblin (D:1)
  4 hobgoblins (D:1)
  6 jackals (D:1)
  A quokka (D:1)
  5 bats (D:1)
  A frilled lizard (D:1)
  A kobold (D:1)
  2 rats (D:1)
33 creatures vanquished.

Notes
Turn   | Place    | Note
-------+----------+-------------------------------------------
     0 | D:1      | jagang the Human Monk began the quest for the Orb.
     0 | D:1      | Reached XP level 1. HP: 18/18 MP: 1/1
     1 | D:1      | Found a runed translucent door.
     3 | D:1      | Noticed a jelly
    97 | D:1      | Reached XP level 2. HP: 14/24 MP: 2/2
   245 | D:1      | Reached skill level 1 in Invocations
   276 | D:1      | Reached skill level 1 in Armour
   276 | D:1      | Reached XP level 3. HP: 20/29 MP: 3/3
   818 | D:1      | Splashed by a jelly's acid

Illustrated notes

Levels and vault maps discovered:
D:1:      dpeg_arrival_caged_fury, layout_loops_ring,
          amcnicky_mini_rare_corridor_liquid, minivault_25, nicolae_wormholes

Skill      XL: |  1  2 |
---------------+-------+-----
Invocations    | 1 |  1.5
Armour         | 1 |  1.3
Fighting       | |  3.4
Long Blades    | |  3.4
Dodging        | |  3.0

Action                     || total
---------------------------++-------
  Melee: Falchion          ||    91
 Armour: Robe              ||     7
         Scale mail        ||    51
  Dodge: Dodged            ||    76
